 Dungeon Crawl Stone Soup version 0.21-a0-634-gaf8bc5d (webtiles) character file.

562 4thArraOfDagon the Insei (level 7, -3/52 HPs)
             Began as a Demonspawn Fire Elementalist on Dec 29, 2017.
             Was an Initiate of Cheibriados.
             Killed from afar by Sigmund (20 damage)
             ... with an exploding inner flame
             ... hexed by the player character
             ... on level 5 of the Dungeon.
             The game lasted 00:13:12 (1638 turns).

4thArraOfDagon the Insei (DsFE)                     Turns: 1638, Time: 00:13:13

Health: -3/52      AC:  6    Str:  9    XL:     7   Next: 10%
Magic:  0/10       EV: 17    Int: 20    God:    Cheibriados [......]
Gold:   141        SH:  0    Dex: 19    Spells: 3/11 levels left

rFire    . . .     SeeInvis .     - Unarmed
rCold    . . .     Gourm    .   (no shield)
rNeg     . . .     Faith    .   a - +0 robe
rPois    .         Spirit   .   (helmet restricted)
rElec    .         Reflect  .   (no cloak)
rCorr    .         Harm     .   j - +1 pair of gloves
MR       .....                  (no boots)
Stlth    +++.......             (no amulet)
HPRegen  0.17/turn              (no ring)
MPRegen  0.12/turn              (no ring)

@: agile, very slightly contaminated, very slow
A: horns 1, thin metallic scales 1, demonic guardian 1
a: Bend Time, Renounce Religion


You were on level 5 of the Dungeon.
You worshipped Cheibriados.
Cheibriados was noncommittal.
You were hungry.

You visited 2 branches of the dungeon, and saw 6 of its levels.

You collected 141 gold pieces.

Inventory:

Missiles
 h - 3 curare-tipped needles
Armour
 a - a +0 robe (worn)
 j - a +1 pair of gloves (worn)
 s - a +1 ring mail of fire resistance
Magical Staves
 t - an uncursed staff of energy {!a}
Scrolls
 d - a scroll of amnesia {unknown}
 e - 2 scrolls of enchant armour
 g - a scroll of teleportation {unknown}
 k - a scroll of magic mapping {unknown}
 l - a scroll of fog {unknown}
 m - a scroll of enchant weapon {unknown}
 n - a scroll of blinking {unknown}
 o - a scroll of immolation
 p - a scroll of identify {unknown}
 q - a scroll of remove curse {unknown}
Books
 b - a book of Flames

   Spells                             Type                      Level
   a - Flame Tongue                   Conjuration/Fire             1
   b - Throw Flame                    Conjuration/Fire             2
   c - Conjure Flame                  Conjuration/Fire             3
   d - Inner Flame                    Hexes/Fire                   3
   e - Sticky Flame                   Conjuration/Fire             4
   f - Fireball                       Conjuration/Fire             5
Comestibles
 c - 3 rations


   Skills:
 - Level 3.1 Fighting
 - Level 1.7 Dodging
 - Level 1.7 Stealth
 * Level 4.5 Unarmed Combat
 + Level 2.6 Spellcasting
 * Level 2.7 Conjurations
 * Level 3.6 Fire Magic


You had 3 spell levels left.
You knew the following spells:

 Your Spells              Type           Power        Failure   Level  Hunger
a - Flame Tongue          Conj/Fire      ###..        4%          1    None
b - Conjure Flame         Conj/Fire      ###.....     12%         3    ###....
c - Sticky Flame          Conj/Fire      ###.....     36%         4    ####...


Dungeon Overview and Level Annotations

Branches:
Dungeon (5/15)             Temple (1/1) D:5

Altars:
Cheibriados
Dithmenos
Fedhas
Gozag
Hepliaklqana
Nemelex Xobeh
Qazlal
Ru
Vehumet
Zin
The Shining One

Annotations:
D:4 Regeox's ghost, amateur DsFi


Innate Abilities, Weirdness & Mutations

You have a pair of small horns on your head.
You are partially covered in thin metallic scales. (AC +2)
A weak demonic guardian rushes to your aid.


Message History

Cheibriados says: Take it easy.
Press ? for a list of commands and other information.
Unknown command.
It was a potion of agility.
You feel agile all of a sudden.
As you read the scroll labeled QICOC TIAWAMP, it crumbles to dust.
It is a scroll of enchant armour.
Your +0 pair of gloves glows green for a moment.
As you read the scroll labeled NEJETI FYPH, it crumbles to dust.
The creatures around you are filled with an inner flame!
It was a scroll of immolation.
Something hits you but does no damage.
Deactivating autopickup; reactivate with Ctrl-A.
You hear a distant blaring wail to the south.
Something closely misses you.
Unknown command.
Cast which spell? (? or * to list)
Aiming: Flame Tongue
Press: ? - help, Shift-Dir - straight line The flame tongue hits something.
The fiery explosion engulfs you!
You die...

###########
#.....@ยงยง.# #####
#.#######.## #...
## ####...#####.#
#... #...)........#
#...
#.##.........###...
# ##{#...##.....#
#.##.#####.#.#
#.##.##....#.#
#.##.##.##.#.##


There were no monsters in sight!

Vanquished Creatures
  A phantom (D:4)
  A scorpion (D:4)
  A crimson imp (D:5)
  A gnoll shaman (D:4)
  A worker ant (D:5)
  A hound skeleton (D:5)
  5 gnolls (D:4)
  2 adders
  An adder skeleton (D:4)
  2 dart slugs (D:3)
  2 leopard geckos
  6 orcs (D:4)
  2 ball pythons
  4 giant cockroaches
  3 goblins
  A hobgoblin (D:3)
  7 kobolds
  A quokka (D:4)
  5 bats
  2 frilled lizards
  5 rats
54 creatures vanquished.

Vanquished Creatures (collateral kills)
  Grinder (D:4)
  An ice beast (D:5)
  A crimson imp (D:5)
  A worker ant (D:5)
  2 gnolls
  An orc (D:4)
7 creatures vanquished.

Grand Total: 61 creatures vanquished

Notes
Turn   | Place    | Note
-------+----------+-------------------------------------------
     0 | D:1      | 4thArraOfDagon the Demonspawn Fire Elementalist began the quest for the Orb.
     0 | D:1      | Reached XP level 1. HP: 13/13 MP: 3/3
    69 | D:1      | Thaneod: oo
    71 | D:1      | Thaneod: DsFe
    90 | D:1      | Thaneod: veh?
    90 | D:1      | 4thArraOfDagon: hey
    95 | D:1      | p0werm0de: b00m b00m !!
    99 | D:1      | p0werm0de: hai yous
    99 | D:1      | Thaneod: hola!
    99 | D:1      | p0werm0de: look at this folx ..
    99 | D:1      | 4thArraOfDagon: boom clap!
   100 | D:1      | p0werm0de: !lg . ddfi won -2 -log
   103 | D:1      | beem: 11/12. p0werm0de, XL22 DDFi, T:20525: http://crawl.xtahua.com/crawl/morgue/p0werm0de/morgue-p0werm0de-20171227-212854.txt
   103 | D:1      | p0werm0de: i fucked up by 50 secs
   103 | D:1      | 4thArraOfDagon: omg
   103 | D:1      | 4thArraOfDagon: top5?
   103 | D:1      | Sergey: hello
   103 | D:1      | p0werm0de: ye is 3rd best human now
   103 | D:1      | Thaneod: 00:36:29
   103 | D:1      | p0werm0de: ultra has 2x lower
   103 | D:1      | Sergey: wow
   103 | D:1      | 4thArraOfDagon: wowaweewa
   103 | D:1      | p0werm0de: 35:39 and 35:50
   103 | D:1      | Thaneod: you need faster music rate:)
   103 | D:1      | p0werm0de: i had psytrance while i played it
   103 | D:1      | p0werm0de: ;D
   103 | D:1      | 4thArraOfDagon: haha
   103 | D:1      | Thaneod: like a bot!
   103 | D:1      | 4thArraOfDagon: you should try some powermetal like Bloax
   103 | D:1      | p0werm0de: ye maybe
   103 | D:1      | p0werm0de: unfortunately dont know much good stuff there
   103 | D:1      | 4thArraOfDagon: didn't see bloax recently at all
   103 | D:1      | p0werm0de: https://www.beatport.com/release/megatron/650979
   103 | D:1      | p0werm0de: ye
   103 | D:1      | p0werm0de: stuff likethis ;D
   103 | D:1      | 4thArraOfDagon: :S
   115 | D:1      | Gained mutation: You have a pair of small horns on your head. [demonic ancestry]
   115 | D:1      | Reached XP level 2. HP: 14/19 MP: 0/5
   371 | D:1      | Thaneod: push the tempo!
   492 | D:2      | 4thArraOfDagon: pump the jam!
   530 | D:2      | Thaneod: hah
   530 | D:2      | Thaneod: !lg Thaneod
   530 | D:2      | beem: 657. Thaneod the Eclecticist (L16 DEFE of Vehumet), slain by a golden dragon zombie (led by a necromancer) on Depths:2 on 2017-12-29 17:39:40, with 127075 points after 40436 turns and 2:12:06.
   562 | D:2      | Gained mutation: A weak demonic guardian rushes to your aid. [demonic ancestry]
   562 | D:2      | Reached XP level 3. HP: 24/24 MP: 3/6
   567 | D:2      | Learned a level 3 spell: Conjure Flame
   779 | D:4      | Reached skill level 1 in Unarmed Combat
   865 | D:4      | Noticed Grinder
   891 | D:4      | Reached skill level 1 in Fighting
   891 | D:4      | Reached XP level 4. HP: 28/32 MP: 1/7
   973 | D:4      | Killed Grinder
   973 | D:4      | Reached skill level 3 in Unarmed Combat
   973 | D:4      | Reached XP level 5. HP: 29/38 MP: 1/8
   992 | D:4      | Noticed a phantom
  1108 | D:4      | Killed a phantom
  1108 | D:4      | Gained mutation: You are partially covered in thin metallic scales. (AC +2) [demonic ancestry]
  1108 | D:4      | Reached XP level 6. HP: 26/46 MP: 1/9
  1197 | D:4      | Learned a level 4 spell: Sticky Flame
  1297 | D:4      | Reached skill level 4 in Unarmed Combat
  1374 | D:4      | Found a shadowy altar of Dithmenos.
  1377 | D:4      | Noticed Regeox's ghost (amateur DsFi)
  1451 | D:5      | Entered Level 5 of the Dungeon
  1451 | D:5      | Found a staircase to the Ecumenical Temple.
  1481 | Temple   | Entered the Ecumenical Temple
  1511 | Temple   | Became a worshipper of Cheibriados the Contemplative
  1545 | D:5      | Noticed an ice beast
  1554 | D:5      | Killed an ice beast
  1595 | D:5      | Reached XP level 7. HP: 42/52 MP: 7/10
  1613 | D:5      | Noticed Sigmund
  1632 | D:5      | Thaneod: what now?
  1638 | D:5      | Killed Sigmund
  1638 | D:5      | Killed from afar by Sigmund

Vault maps used:
D:1:      matt_arrival_refuge, minivault_11, st_stairs_9,
          minmay_misc_feat_more_columns, grunt_decor_one_mirror,
          serial_bayou_pond_b
D:2:      first_ration
D:3:      nicolae_overflow_crystal_walls
D:4:      grunt_dithmenos_smoke, uniq_grinder
D:5:      minmay_temple_entry_grid, hex_large, trog_hazing_becter, uniq_sigmund
Temple:   regret_index_temple_mists

Skill      XL: |  1  2  3  4  5  6 |
---------------+-------------------+-----
Fire Magic     | 3 |  3.6
Conjurations   | 2 |  2.7
Unarmed Combat | 1 3 4 |  4.5
Fighting       | 1 2 3 |  3.1
Dodging        | |  1.7
Stealth        | |  1.7
Spellcasting   | |  2.6

Action                   |  1- 3 |  4- 6 |  7- 9 || total
-------------------------+-------+-------+-------++-------
Melee: Unarmed           |    50 |    47 |     5 ||   102
       Headbutt          |     5 |     4 |     1 ||    10
 Cast: Flame Tongue      |    63 |    45 |     7 ||   115
       Conjure Flame     |       |     3 |       ||     3
       Sticky Flame      |       |       |     1 ||     1
  Use: Scroll            |       |       |     2 ||     2
       Potion            |       |       |     2 ||     2
 Stab: Sleeping          |     1 |       |       ||     1
  Eat: Chunk             |     1 |     3 |       ||     4
Armor: Robe              |    17 |    13 |     2 ||    32
Dodge: Dodged            |    45 |    34 |     3 ||    82

Table legend:
 A = Spawn XP
 B = Non-spawn XP
 C = Spawn XP percentage of total XP
 D = Spawn monster count
 E = Non-spawn monster count
 F = Spawn count percentage of total count
 G = Total turns spent on level
                    A         B        C        D         E        F      G
               +---------+---------+-------+---------+---------+-------+---------
         Total |       0 |     804 |   0.0 |       0 |      61 |   0.0 |  1638
               +---------+---------+-------+---------+---------+-------+---------
           D:1 |       0 |      17 |   0.0 |       0 |      11 |   0.0 |   224
           D:2 |       0 |      30 |   0.0 |       0 |      12 |   0.0 |   378
           D:3 |       0 |      20 |   0.0 |       0 |       9 |   0.0 |   156
           D:4 |       0 |     467 |   0.0 |       0 |      21 |   0.0 |   693
           D:5 |       0 |     270 |   0.0 |       0 |       8 |   0.0 |   135
               +---------+---------+-------+---------+---------+-------+---------
